 Dungeon Crawl Stone Soup version 0.25.0-26-g0c896c7088 (webtiles) character file.

Game seed: 14412151165346671352

291 Gatuga the Slasher (level 6, 0/53 HPs)
             Began as a Minotaur Fighter on July 3, 2020.
             Slain by a worker ant (4 damage)
             ... on level 3 of the Dungeon.
             The game lasted 00:13:35 (2123 turns).

Gatuga the Slasher (Minotaur Fighter)               Turns: 2123, Time: 00:13:35

Health: 0/53       AC:  7    Str: 22    XL:     6   Next: 10%
Magic:  5/5        EV:  8    Int:  5    God:
Gold:   129        SH: 10    Dex: 10    Spells: 5/5 levels left

rFire    . . .     SeeInvis .   a - +0 long sword
rCold    . . .     Gourm    .   c - +0 kite shield
rNeg     . . .     Faith    .   b - +0 scale mail
rPois    .         Spirit   .   (helmet restricted)
rElec    .         Reflect  .   (no cloak)
rCorr    .         Harm     .   (no gloves)
MR       .....                  (no boots)
Stlth    ..........             (no amulet)
HPRegen  0.17/turn              (no ring)
MPRegen  0.09/turn              (no ring)

@: lethally poisoned (0 -> -1)
A: retaliatory headbutt, horns 2
a: no special abilities


You were on level 3 of the Dungeon.
You were not hungry.

You visited 1 branch of the dungeon, and saw 4 of its levels.

You collected 129 gold pieces.

Inventory:

Hand Weapons
 a - a +0 long sword (weapon)
Missiles
 h - 8 javelins (quivered)
Armour
 b - a +0 scale mail (worn)
 c - a +0 kite shield (worn)
Jewellery
 q - an uncursed amulet of magic regeneration {unknown}
 r - a +6 ring of strength {unknown}
Scrolls
 e - a scroll of blinking {unknown}
 g - a scroll of immolation {unknown}
 j - 2 scrolls of teleportation {unknown}
 k - 2 scrolls of enchant armour {unknown}
 m - 2 scrolls of identify {unknown}
 s - a scroll of remove curse {unknown}
Potions
 d - 2 potions of might
 i - a potion of heal wounds {unknown}
 l - a potion of mutation {unknown}
 n - a potion of lignification {unknown}
 o - a potion of curing {unknown}
 p - a potion of berserk rage {unknown}
Comestibles
 f - 3 rations
 t - 2 chunks of flesh


   Skills:
 + Level 4.5 Fighting
 + Level 5.2 Long Blades
 + Level 5.0 Armour
 + Level 1.0 Dodging
 + Level 4.8 Shields


You had 5 spell levels left.
You didn't know any spells.
Your spell library contained the following spells:

 Spells                   Type           Power        Failure   Level  Hunger
 Corona                   Hex            #......      99%         1    ##.....
 Ensorcelled Hibernation  Hex/Ice        #.....       100%        2    ###....
 Confusing Touch          Hex            #.......     100%        3    ####...
 Dazzling Flash           Conj/Hex       #.....       100%        3    ####...
 Tukima's Dance           Hex            #.......     100%        3    ####...


Dungeon Overview and Level Annotations

Branches:
Dungeon (4/15)
 Temple: D:4-7

Altars:


Innate Abilities, Weirdness & Mutations

You reflexively headbutt those who attack you in melee.
You have a pair of horns on your head.


Message History

* * * LOW HITPOINT WARNING * * *
The worker ant barely misses you.
The phantom hits you but does no damage.
You hit the phantom but do no damage.
The phantom is heavily damaged.
The worker ant bites you but does no damage.
The phantom hits you.
* * * LOW HITPOINT WARNING * * *
Unknown command.
You slash the worker ant!
The worker ant is almost dead.
You block the worker ant's attack. The phantom barely misses you.
You riposte.
You barely miss the phantom. You headbutt the phantom.
The phantom is heavily damaged.
The worker ant bites you.
* * * LOW HITPOINT WARNING * * *
You closely miss the worker ant. Your headbutt misses the worker ant.
The worker ant is almost dead.
The worker ant bites you.
You die...

.....# #..##.# #.# #..#
.....####..##.######.# #..#
.....................# #..#
.....###...##.#############..####
..............####...............
.###<###.#.#........#######.#####
.# #.# #.#.#.######.## #.#
.###.###.#.#.#####...######.#
...............a@W..........#
####.#######.#####...######## #)#
#.# ##### #.#######.# #.........#
###########


You could see a phantom and a worker ant.

Vanquished Creatures
  2 centaur skeletons (D:4)
  An orc wizard (D:4)
  8 gnolls
  6 adders
  2 worms (D:2)
  A leopard gecko (D:3)
  6 orcs
  A ball python (D:1)
  A giant cockroach (D:2)
  4 goblins
  6 hobgoblins
  8 jackals
  3 quokkas
  4 bats
  6 frilled lizards
  A jackal zombie (D:3)
  8 kobolds
  11 rats
79 creatures vanquished.

Notes
Turn   | Place    | Note
-------+----------+-------------------------------------------
     0 | D:1      | Gatuga the Minotaur Fighter began the quest for the Orb.
     0 | D:1      | Reached XP level 1. HP: 19/19 MP: 0/0
   277 | D:1      | Reached XP level 2. HP: 16/27 MP: 1/1
   811 | D:2      | Reached XP level 3. HP: 18/33 MP: 2/2
  1045 | D:2      | Reached XP level 4. HP: 25/41 MP: 3/3
  1596 | D:3      | Reached XP level 5. HP: 30/47 MP: 4/4
  2077 | D:4      | Noticed a phantom
  2097 | D:4      | Reached skill level 5 in Long Blades
  2097 | D:4      | Reached skill level 5 in Armour
  2098 | D:4      | Noticed a phantom
  2105 | D:4      | Reached skill level 1 in Dodging
  2105 | D:4      | Reached XP level 6. HP: 38/53 MP: 5/5
  2123 | D:3      | Slain by a worker ant

Illustrated notes

Levels and vault maps discovered:
D:1:      dpeg_arrival_erosion, layout_basic
D:2:      layout_rooms
D:3:      layout_loops_ring
D:4:      layout_rooms, old_standard_altar

Skill      XL: |  1  2  3  4  5 |
---------------+----------------+-----
Fighting       | 4 |  4.5
Armour         | 4 5 |  5.0
Long Blades    | 3 4 5 |  5.2
Shields        | 4 |  4.8
Dodging        | 1 |  1.0

Action                   |  1- 3 |  4- 6 || total
-------------------------+-------+-------++-------
Melee: Long sword        |    93 |   103 ||   196
       Headbutt          |    17 |    17 ||    34
  Eat: Chunk             |     1 |     3 ||     4
Armor: Scale mail        |    36 |    50 ||    86
Dodge: Dodged            |    30 |    48 ||    78
Block: Kite shield       |    49 |    60 ||   109
       Rpst.: Long sword |     5 |    10 ||    15
